AoeStats
← jorge.mgarma

African Clearing

504208141Analyzed
4v4 RM · 29d ago on Sep 4, 2026· 55m 28s· 8 players
Game mode
Random Map
Map size
Large (8 player)
Population
200
Speed
Normal
Resources
Standard
Victory
Conquest
Starting age
Dark Age
Ending age
Imperial Age
RankedLock teamsTeams togetherTeam positionsShared explorationLock speedFull tech treeHidden civsTurbo modeCheats
Victory
Defeat
🇳🇴 Ethiopians · Norway
896
+11
🇨🇳 Huns · China
883
+11
🇳🇿 Franks · New Zealand
827
+14
🇮🇹 Japanese · Italy
740
+17
🇫🇷 Franks · France
796
-14
🇪🇸 Turks · Spain
790
-21
🇹🇷 Celts · Türkiye
776
-13
🇹🇷 Japanese · Türkiye
754
-12
sonsehzadee
5:07 Loom
19:25 Feudal Age
26:11 Castle Age
24:15 Double-Bit Axe
24:12 Horse Collar
24:25 Stone Mining
24:27 Gold Mining
30:18 Wheelbarrow
33:10 Hand Cart
37:56 Imperial Age
35:52 Heavy Plow
36:10 Scale Mail Armor
36:21 Forging
38:43 Bow Saw
39:11 Gold Shaft Mining
39:12 Stone Shaft Mining
39:01 Conscription
38:37 Capped Ram
40:33 Elite Woad Raider
44:14 Siege Ram
45:09 Gambesons
45:10 Arson
45:43 Chain Mail Armor
jorge.mgarma
16:07 Feudal Age
16:50 Double-Bit Axe
16:46 Horse Collar
20:43 Man-at-Arms
25:25 Castle Age
26:21 Bow Saw
26:14 Heavy Plow
28:24 Gold Mining
29:36 Long Swordsman
34:50 Wheelbarrow
39:18 Murder Holes
39:44 Ballistics
41:13 Hand Cart
41:42 Forging
41:33 Scale Mail Armor
43:42 Chain Mail Armor
44:03 Iron Casting
47:47 Imperial Age
45:22 Padded Archer Armor
45:13 Fletching
45:49 Squires
46:50 Masonry
46:22 Treadmill Crane
49:36 Two-Man Saw
49:28 Architecture
50:00 Blast Furnace
49:26 Conscription
50:27 Gold Shaft Mining
49:43 Stone Mining
50:31 Plate Mail Armor
50:18 Leather Archer Armor
49:59 Bodkin Arrow
49:32 Two-Handed Swordsman
51:20 Champion
51:43 Elite Janissary
Blacklovess
9:15 Loom
15:08 Feudal Age
17:46 Man-at-Arms
18:31 Scale Mail Armor
18:55 Stone Mining
benjiwoo
10:32 Loom
13:59 Feudal Age
14:31 Double-Bit Axe
14:42 Man-at-Arms
21:29 Wheelbarrow
22:27 Town Watch
25:00 Castle Age
24:19 Scale Mail Armor
24:29 Forging
24:25 Scale Barding Armor
25:35 Gold Mining
25:58 Elite Skirmisher
31:14 Chain Mail Armor
kris10an
15:00 Feudal Age
19:09 Castle Age
24:18 Squires
27:40 Arson
45:27 Imperial Age
43:33 Wheelbarrow
42:46 Loom
44:09 Forging
43:59 Scale Mail Armor
46:01 Chain Mail Armor
46:42 Iron Casting
47:08 Elite Shotel Warrior
49:26 Blast Furnace
49:00 Plate Mail Armor
49:58 Blast Furnace
Fede_MvK
10:28 Loom
17:20 Feudal Age
17:50 Horse Collar
18:18 Man-at-Arms
30:58 Castle Age
31:09 Double-Bit Axe
31:48 Heavy Plow
31:19 Pikeman
32:00 Squires
31:24 Elite Skirmisher
35:34 Scale Mail Armor
36:25 Stone Mining
40:35 Gold Mining
41:21 Bow Saw
42:27 Chain Mail Armor
42:22 Forging
42:52 Wheelbarrow
43:15 Gold Shaft Mining
45:22 Hand Cart
48:43 Imperial Age
46:13 Town Watch
47:53 Ballistics
47:52 Thumb Ring
49:46 Iron Casting
50:57 Chemistry
49:40 Elite Samurai
52:59 Conscription
53:59 Blast Furnace
53:30 Plate Mail Armor
55:21 Capped Ram
On_Codeine
17:30 Feudal Age
27:59 Double-Bit Axe
31:00 Castle Age
29:36 Wheelbarrow
29:44 Wheelbarrow
35:44 Bow Saw
36:55 Fortified Wall
37:28 Hand Cart
37:50 Stone Mining
37:51 Gold Mining
39:38 Scale Barding Armor
39:44 Forging
43:22 Imperial Age
44:07 Cavalier
44:48 Husbandry
45:13 Chain Barding Armor
45:29 Iron Casting
46:30 Plate Barding Armor
45:48 Paladin
49:39 Conscription
50:33 Blast Furnace
1829032
5:09 Loom
15:55 Feudal Age
16:04 Man-at-Arms
18:33 Double-Bit Axe
19:41 Forging
21:13 Scale Mail Armor
22:14 Fletching
28:48 Castle Age
27:04 Gold Mining
27:22 Horse Collar
28:39 Padded Archer Armor
30:12 Scale Barding Armor
30:45 Iron Casting
31:02 Bloodlines
31:15 Husbandry
33:01 Wheelbarrow
33:03 Heavy Plow
34:57 Town Watch
38:47 Hand Cart
38:58 Light Cavalry
39:57 Stone Mining
39:34 Pikeman
42:41 Squires
43:49 Murder Holes
47:15 Imperial Age
47:04 Masonry
53:05 Caravan
53:37 Coinage
53:39 Bow Saw
54:07 Conscription
55:47 Marauders
Connection lost

Rejoining the realm…

Still unreachable

The connection could not be restored.

Session expired

The server has moved on; the page needs a fresh start.